groovejumper, neutral female human Wizard -------- -------- -------- -------- -------- -------- |.....<| ###.......| |......|####-..0....####.......| #.......| |......| # |.......####|.......# |......| |.......####|......| |.......## |......| #..)...)| |......| |(.....| |......| ----|--- -------- -|------ -------- -------- -----|-- ## #### ## -----|-- -------- ----|--- -------- -------- ----.--- |......| |......-###).......-####.......| |......| |......| |......| |......| |......| |.....0| |))%...| |......| |......| |......| |......| |>.....| |.%....| |......| ------|- -----.-- --|----- ---.---- -.------ ----.--- ###### ##### ## #)# ##### ## -@------ -|------ -[------ -.------ -----.-- -----.-- |.q.....####.......| |......| |......| #-......| |......| |......| |......| |......| |.......####|......| |......| |......| |....{.| |......| |......| |......| |......| -------- -------- -------- -------- -------- -------- groovejumper the Thaumaturge Experience level: 8 Strength: 13 Dexterity: 14 Constitution: 16 Intelligence: 18 Wisdom: 11 Charisma: 9 Health: 0(65) Energy: 10(84) AC: 8 Gold: 1118 Moves: 3903 Your Inventory: Coins $ - 1118 gold pieces Weapons a - an uncursed +1 quarterstaff (weapon in hands) C - an [uncursed +0] silver saber Armor b - an uncursed +1 cloak of magic resistance (being worn) Comestibles r - an [uncursed] tripe ration G - an [uncursed] candy bar J - 4 [uncursed] cream pies P - an [uncursed] sprig of wolfsbane T - 4 [uncursed] food rations Scrolls k - a cursed scroll of magic mapping n - an uncursed scroll of create monster q - an uncursed scroll of remove curse w - an uncursed scroll of confuse monster B - a [cursed] scroll of create monster I - 4 [uncursed] unlabeled scrolls [of blank paper] V - an uncursed scroll of enchant weapon Spellbooks l - a blessed spellbook of force bolt m - an uncursed spellbook of clairvoyance o - a cursed spellbook of turn undead A - an [uncursed] spellbook of restore ability Potions f - an uncursed clear potion [of water] g - an uncursed clear potion [of water] h - an uncursed potion of healing x - a [blessed] potion of oil z - an uncursed potion of restore ability E - a blessed potion of confusion K - an uncursed potion of enlightenment M - an uncursed potion of hallucination O - an uncursed potion of gain energy X - a [cursed] potion of hallucination Rings d - an uncursed +2 ring of increase accuracy e - an uncursed ring of see invisible H - an uncursed ring of polymorph control Wands c - a blessed wand of cold (0:7) s - an uncursed wand of nothing (0:5) N - an [uncursed] wand of magic missile [0:0] Y - an [uncursed] wand of striking [0:0] Tools D - an uncursed oil lamp (0:1391) L - an [uncursed] tin opener W - an [uncursed] lock pick Spells known in the end: Name Level Category Fail Memory a - force bolt 1 attack 0% [|||||||.] b - clairvoyance 3 divination 77% [|||||||.] c - turn undead 6 clerical 100% [|||||||.] d - restore ability 4 healing 100% [|||||||.] Your skills at the end: Fighting Skills Weapon Skills quarterstaff [Basic / Expert] Spellcasting Skills attack spells [Skilled / Expert] enchantment spells [Basic / Skilled] Final Attributes: You were piously aligned. Hunger level was 877. Your alignment was 29 / 29. Monster difficulty range was 1 - 8. Level difficulty was 8. You were magic-protected. Your luck was zero. You are dead. Vanquished creatures: a ghost an elf mummy a human mummy a forest centaur a dingo 2 housecats a jaguar a blue jelly a gnome mummy an ape 4 bugbears a quasit 4 Uruk-hai an enormous rat 2 ponies a gnome lord a gray ooze a straw golem a paper golem a kitten a dwarf a homunculus a kobold lord a hill orc a rothe a monkey a werejackal 2 iguanas 3 coyotes 5 hobgoblins a red mold 6 gnomes 6 Keystone Kops 2 garter snakes 3 gnome zombies 4 geckos 4 jackals 2 kobolds a sewer rat a grid bug a bat 5 lichens a kobold zombie 7 newts 89 creatures vanquished. Genocided or extinct species: liches 1 species genocided. 1 species extinct. Voluntary challenges: You were an atheist. You used a wielded weapon 66 times. You read items or engraved 11 times. You put on armor 1 time. You genocided 1 type of monster. You never polymorphed an object. You never changed form. You used no wishes. You wrote Elbereth's name 3 times. You encountered 1 bones level. You never used any Sokoban shortcuts. Dungeon overview: The Dungeons of Doom: levels 1 to 8 Level 1 a sink a long staircase Level 3 a fountain Level 4 stairs to The Gnomish Mines Level 5 a fountain Level 7 a general store Level 8 <- You were here a fountain The Gnomish Mines: Level 5 stairs to The Dungeons of Doom History has recorded: On T:1 you entered the Dungeons of Doom to retrieve the Amulet of Yendor! On T:749 you reached level 2 of The Dungeons of Doom. On T:812 you advanced to experience level 2. On T:1151 you reached level 3 of The Dungeons of Doom. On T:1276 you advanced to experience level 3. On T:1522 you advanced to experience level 4. On T:1538 you reached level 4 of The Dungeons of Doom. On T:1694 you reached level 1 of The Gnomish Mines. On T:1719 you advanced to experience level 5. On T:2074 you reached level 5 of The Dungeons of Doom. On T:2177 you advanced to experience level 6. On T:2279 you reached level 6 of The Dungeons of Doom. On T:2524 you advanced to experience level 7. On T:2789 you reached level 7 of The Dungeons of Doom. On T:3198 you reached level 8 of The Dungeons of Doom. On T:3688 you advanced to experience level 8. On T:3712 you genocided all liches Latest messages: The doorway blocks your way. [HP+1=29] [HP+1=30] [HP+1=31] [HP+1=32] [HP+1=33] The door opens. [HP+1=34] The door opens. [HP+1=35] You find a secret door. [HP+1=36] [2 turns] This door is locked. You succeed in picking the lock. [2 turns] The door opens. The mumak butts! The mumak bites! You die... Final status: Goodbye groovejumper the Wizard... You died in The Dungeons of Doom on dungeon level 8 with 6353 points, and 1118 pieces of gold, after 3903 moves. You were level 8 with a maximum of 65 hit points when you died.